 Dungeon Crawl Stone Soup version 0.24-a0-163-g64c5a76fe2 (webtiles) character file.

Game seed: 0

83756 MrRokkomies the Envoy of Void (level 15, -1/73 HPs)
             Began as a Spriggan Abyssal Knight on Mar 3, 2019.
             Was a High Priest of Lugonu.
             Killed from afar by Louise (40 damage)
             ... with a stone arrow
             ... on level 14 of the Dungeon on Mar 6, 2019.
             The game lasted 02:46:56 (34387 turns).

MrRokkomies the Envoy of Void (SpAK)               Turns: 34387, Time: 02:47:04

Health: -1/73      AC: 15    Str: 11    XL:     15   Next: 33%
Magic:  25/25      EV: 20    Int: 19    God:    Lugonu [*****.]
Gold:   200        SH: 13    Dex: 17    Spells: 0/14 levels left

rFire    + + .     SeeInvis +   a - +6 rapier (speed)
rCold    + . .     Gourm    .   Y - +0 buckler {rC+ rF+}
rNeg     + . .     Faith    .   K - +2 pearl dragon scales
rPois    +         Spirit   .   z - +1 hat {Int+3}
rElec    .         Reflect  +   (no cloak)
rCorr    .         Harm     .   (gloves unavailable)
MR       ++...                  (boots unavailable)
Stlth    ++........             q - +5 amulet of reflection
HPRegen  0.22/turn              N - ring of protection from fire
MPRegen  0.19/turn              C - ring of poison resistance

@: barbed spikes, very quick
A: very small, unfitting armour, see invisible, herbivore, speed 3, slow
metabolism 2
a: Depart the Abyss, Bend Space, Banish, Corrupt, Enter the Abyss, Renounce
Religion


You were on level 14 of the Dungeon.
You worshipped Lugonu.
Lugonu was extremely pleased with you.
You were not hungry.

You visited 4 branches of the dungeon, and saw 23 of its levels.
You visited the Abyss 1 time.
You also visited: Gauntlet.

You collected 1982 gold pieces.
You spent 1782 gold pieces at shops.

Inventory:

Hand Weapons
 a - a +6 rapier of speed (weapon)
 b - a +3 hunting sling of freezing
 l - a +2 rapier of venom
 J - a +0 blowgun
Missiles
 d - 128 sling bullets
 f - 11 curare-tipped needles
 o - 48 poisoned needles
 T - 3 needles of frenzy
Armour
 z - a +1 hat of intelligence (worn)
 K - +2 pearl dragon scales (worn)
 W - a +2 buckler of protection
 Y - a +0 buckler of resistance (worn)
Jewellery
 q - a +5 amulet of reflection (around neck)
 w - an uncursed ring of protection from magic
 A - an uncursed ring of resist corrosion
 C - a ring of poison resistance (right hand)
 M - an uncursed ring of positive energy
 N - a ring of protection from fire (left hand)
Wands
 e - a wand of paralysis (13)
 g - a wand of flame (36)
 j - a wand of disintegration (18)
 n - a wand of acid (9)
 y - a wand of clouds (8)
 D - a wand of enslavement (18)
 O - a wand of digging (4)
 P - a wand of iceblast (15)
 R - a wand of polymorph (11)
Scrolls
 s - 3 scrolls of blinking
 v - 2 scrolls of immolation
 F - 13 scrolls of remove curse
 H - a scroll of fog
 L - a scroll of fear
 Q - 3 scrolls of magic mapping
 S - 14 scrolls of identify
 U - 3 scrolls of teleportation
Potions
 h - a potion of berserk rage
 i - a potion of ambrosia
 k - 2 potions of flight
 m - 5 potions of might
 t - a potion of curing
 u - 3 potions of magic
 x - a potion of invisibility
 B - a potion of heal wounds
 G - 3 potions of haste
 I - 5 potions of agility
 Z - a potion of resistance
Miscellaneous
 r - a phial of floods
 E - a lamp of fire
 V - a sack of spiders
 X - 2 phantom mirrors
Comestibles
 c - 9 rations


   Skills:
 - Level 6.0 Fighting
 - Level 11.6 Short Blades
 - Level 4.5(6.0) Slings
 - Level 5.1(5.7) Throwing
 - Level 6.3 Armour
 - Level 12.0 Dodging
 - Level 6.0 Stealth
 - Level 5.8 Shields
 * Level 5.3 Conjurations
 - Level 5.0 Summonings
 * Level 6.8 Air Magic
 - Level 12.2 Invocations
 - Level 7.4 Evocations


You couldn't memorise any spells.
You knew the following spells:

 Your Spells              Type           Power        Failure   Level  Hunger
a - Call Canine Familiar  Summ           ###.....     52%         3    ####...
b - Summon Ice Beast      Ice/Summ       #.......     99%         4    #####..
c - Animate Skeleton      Necr           N/A          83%         1    ##.....
d - Shock                 Conj/Air       ###.         13%         1    ##.....
e - Lightning Bolt        Conj/Air       ###.......   98%         5    ######.

Your spell library contained the following spells:

 Spells                   Type           Power        Failure   Level  Hunger
 Summon Small Mammal      Summ           ###.         21%         1    ##.....
 Call Imp                 Summ           ###.....     30%         2    ###....
 Static Discharge         Conj/Air       ###.....     36%         3    ####...
 Swiftness                Chrm/Air       ##......     52%         2    ###....
 Throw Frost              Conj/Ice       ##....       63%         2    ###....
 Airstrike                Air            ####......   67%         4    #####..
 Summon Lightning Spire   Summ/Air       ###.....     80%         4    #####..
 Apportation              Tloc           #.....       83%         1    ##.....
 Confusing Touch          Hex            #.....       83%         1    ##.....
 Summon Guardian Golem    Hex/Summ       #.......     86%         3    ####...
 Blink                    Tloc           N/A          93%         2    ###....
 Shroud of Golubria       Chrm/Tloc      #.........   93%         2    ###....
 Gell's Gravitas          Tloc           #.........   99%         3    ####...
 Ignite Poison            Fire/Tmut/Pois #.......     99%         3    ####...
 Lesser Beckoning         Tloc           #.........   99%         3    ####...
 Spider Form              Tmut/Pois      #.........   99%         3    ####...
 Teleport Other           Tloc           #.......     99%         3    ####...
 Vampiric Draining        Necr           #.........   99%         3    ####...
 Throw Icicle             Conj/Ice       ##......     99%         4    #####..
 Animate Dead             Necr           N/A          100%        4    #####..
 Passage of Golubria      Tloc           N/A          100%        4    #####..
 Ozocubu's Refrigeration  Ice            #.........   100%        6    #######
 Simulacrum               Ice/Necr       #.........   100%        6    #######


Dungeon Overview and Level Annotations

Branches:
Dungeon (14/15)            Temple (0/1) D:7            Lair (6/6) D:8
 Shoals (0/4) Lair:4        Snake (0/4) Lair:2        Slime (0/5) Lair:5
    Orc (2/2) D:9             Elf (1/3) Orc:2        Vaults (0/5) D:13

Altars:
Dithmenos
Elyvilon
Gozag
Hepliaklqana
Makhleb
Nemelex Xobeh
Okawaru
Qazlal
Ru
Uskayaw
Wu Jian
Xom
The Shining One
Jiyva

Shops:
D:7 *   D:11 (   D:12 !?(}[   Orc:2 (?=*

Portals:
Trove: D:10 (give 17 scrolls of identify)

Annotations:
D:5 4 runed translucent doors
D:8 1 runed translucent door, PeterQ's ghost, novice VSFi
D:11 1 runed translucent door, hemabe's ghost, journeyman HuAr
D:14 Louise
Abyss:1 Josephine; Snorg


Innate Abilities, Weirdness & Mutations

You are very small and have problems with some larger weapons.
You are too small for most types of armour.
You have supernaturally acute eyesight. (SInv)
You are a herbivore.
You cover ground extremely quickly.
You need to consume almost no food.


Message History

Louise is lightly wounded.
Louise casts a spell at you. The stone arrow misses you.
Louise struggles against the net.
The manticore flicks its tail.
The volley of spikes misses you.
You hit Louise but do no damage.
Louise is lightly wounded.
You catch the helpless Louise completely off-guard!
You impale Louise!!
Louise is moderately wounded.
The manticore flicks its tail.
The volley of spikes hits you.
The barbed spikes become lodged in your body.
You catch the helpless Louise completely off-guard!
You impale Louise!!
Louise is severely wounded.
Louise points at you and mumbles some strange words.
The stone arrow hits you!!!
Ouch! That really hurt!
You die...

≈≈...#......####
#..............#
#...#.......####
#..###......#
#.# ##...###
#....##
##.#..########
####.........
##@######
####..@....#
#.##.#..##......
#...5H.## .##.##
#$##E### # ..
#○. #○.. °..#.
#####.


You could see Louise (caught), a manticore, a fire elemental and a crimson imp.

Vanquished Creatures
  3 hydras
  2 catoblepae
  A death knight (D:11)
  A two-headed ogre (D:13)
  2 tengu warriors
  An orc high priest (Orc:2)
  A fire crab (Lair:6)
  An unseen horror (D:11)
  3 sea snakes
  A sea snake (shapeshifter) (Orc:2)
  A harpy (shapeshifter) (D:13)
  3 orc knights (Orc:2)
  Pikel (D:6)
  2 deep elf magi
  2 orc sorcerers (Orc:2)
  4 cyclopes
  3 ugly things
  3 manticores
  A moth of wrath (shapeshifter) (D:13)
  A guardian serpent (shapeshifter) (D:13)
  A black mamba (Lair:1)
  Maurice (D:8)
  2 elephants (Lair:6)
  A gargoyle (D:12)
  A torpor snail (Lair:6)
  4 centaur skeletons
  3 rime drakes (Lair:6)
  Joseph (D:8)
  6 komodo dragons
  5 spiny frogs
  A kobold demonologist (D:11)
  A queen bee (D:12)
  3 tengu conjurers
  6 meliai
  5 trolls
  A polar bear (Lair:6)
  A hornet (Lair:6)
  3 slime creatures (D:12)
  Prince Ribbit (D:7)
  2 hippogriffs
  Sigmund (D:3)
  9 spriggans (Lair:4)
  3 wraiths
  A shadow (D:13)
  5 wyverns
  31 yaks
  4 basilisks
  2 hungry ghosts
  A warg (Orc:2)
  4 nagas (Lair:2)
  2 soldier ants
  An acid dragon (D:13)
  19 water moccasins
  10 orc warriors
  11 porcupines
  6 black bears
  2 ice beasts
  An eye of draining (D:9)
  A slave (D:6)
  A black bear (shapeshifter) (D:13)
  4 sky beasts
  7 necrophages
  10 ogres
  A phantom (D:10)
  8 wolves
  7 centaurs
  13 crocodiles
  2 big kobolds
  15 bullfrogs
  2 wyvern zombies (D:13)
  2 scorpions
  81 killer bees
  2 howler monkeys
  3 wights (D:13)
  10 crimson imps
  2 quasits
  3 centaur zombies
  5 hounds
  2 bullfrog zombies
  9 orc priests
  14 orc wizards
  3 jellies
  A bullfrog skeleton (D:5)
  Jessica (D:3)
  Ijyb (D:3)
  Terence (D:3)
  6 iguanas
  Natasha (twice) (D:3)
  7 hell rats (Lair:5)
  10 worker ants
  A hound zombie (D:11)
  Robin (D:3)
  A gnoll (D:1)
  A howler monkey skeleton (D:5)
  16 adders
  2 shadow imps
  2 oozes
  2 adder zombies
  3 worms
  2 dart slugs (D:3)
  5 leopard geckos
  46 orcs
  2 ball pythons
  5 giant cockroaches
  10 goblins
  14 hobgoblins
  13 jackals
  A quokka (D:11)
  12 bats
  5 frilled lizards
  A jackal skeleton (D:5)
  17 kobolds
  A leopard gecko skeleton (D:4)
  A leopard gecko zombie (D:6)
  9 rats
  A plant (Lair:6)
609 creatures vanquished.

Vanquished Creatures (collateral kills)
  A merfolk avatar (Lair:6)
  An orc high priest (Orc:2)
  An orc sorcerer (Orc:2)
  A spiny frog (Lair:6)
  2 orc warriors (Orc:2)
6 creatures vanquished.

Vanquished Creatures (others)
  A minotaur (Gauntlet)
  4 hydras
  An orc high priest (Orc:2)
  Sonja (D:10)
  A deep elf mage (Elf:1)
  A cyclops (D:13)
  An orc sorcerer (Orc:2)
  2 slime creatures (Gauntlet)
  A black mamba (Lair:6)
  2 spiny frogs
  2 torpor snails
  A polar bear (Lair:6)
  2 wraiths (Lair:5)
  An orc warrior (Orc:2)
  A centaur (D:13)
  A crocodile (Lair:6)
  A killer bee (D:12)
  A crimson imp (D:6)
  A jelly (D:6)
  An orc priest (D:5)
  2 orcs (D:6)
  20 fungi
  19 plants (Lair:6)
68 creatures vanquished.

Grand Total: 683 creatures vanquished

Notes
Turn   | Place    | Note
-------+----------+-------------------------------------------
     0 | Abyss:1  | MrRokkomies the Spriggan Abyssal Knight began the quest for
                  | the Orb.
     0 | Abyss:1  | Reached XP level 1. HP: 11/11 MP: 3/3
    34 | Abyss:1  | Noticed a small abomination
    40 | Abyss:2  | Noticed a worldbinder
    43 | Abyss:2  | Noticed a merfolk siren
    43 | Abyss:2  | Noticed a manticore
    43 | Abyss:2  | Noticed a merfolk siren
    43 | Abyss:2  | Noticed a merfolk siren
    43 | Abyss:2  | Noticed a manticore
    43 | D:1      | Escaped the Abyss
   319 | D:1      | Reached * piety under Lugonu
   340 | D:1      | Reached XP level 2. HP: 14/16 MP: 4/4
   989 | D:1      | Reached XP level 3. HP: 19/19 MP: 5/5
  1462 | D:2      | Reached XP level 4. HP: 13/23 MP: 7/7
  1721 | D:2      | Found a faded altar of an unknown god.
  1890 | D:2      | Reached ** piety under Lugonu
  1923 | D:2      | Found a white marble altar of Elyvilon.
  2016 | D:3      | Noticed Robin
  2158 | D:2      | HP: 1/23 [hobgoblin[Robin] (4)]
  2422 | D:3      | Noticed Jessica
  2422 | D:3      | Noticed Sigmund
  2432 | D:3      | Killed Jessica
  2432 | D:3      | Reached XP level 5. HP: 21/27 MP: 8/8
  2702 | D:3      | Killed Sigmund
  2702 | D:3      | Reached skill level 5 in Dodging
  2702 | D:3      | Reached XP level 6. HP: 13/32 MP: 8/10
  2954 | D:3      | Noticed Natasha
  2962 | D:3      | Killed Natasha
  2991 | D:3      | Noticed Ijyb
  2998 | D:3      | Noticed Natasha
  2999 | D:3      | Killed Ijyb
  2999 | D:3      | Reached skill level 5 in Short Blades
  3521 | D:3      | Killed Natasha
  3573 | D:3      | Found a shadowy altar of Dithmenos.
  3757 | D:3      | Noticed a sky beast
  3774 | D:3      | Noticed Terence
  3817 | D:3      | Killed a sky beast
  3817 | D:3      | Reached skill level 5 in Invocations
  3817 | D:3      | Reached XP level 7. HP: 17/35 MP: 11/11
  3838 | D:3      | Killed Terence
  3848 | D:3      | Killed Robin
  4066 | D:3      | Reached *** piety under Lugonu
  5047 | D:4      | Reached skill level 1 in Evocations
  5203 | D:4      | Found a glowing golden altar of the Shining One.
  5606 | D:5      | Entered Level 5 of the Dungeon
  5895 | D:5      | Found a large runed translucent door.
  5897 | D:5      | Found a large runed translucent door.
  5900 | D:5      | Noticed a kobold demonologist
  6315 | D:5      | Reached XP level 8. HP: 20/41 MP: 12/12
  6601 | D:5      | Found a large runed translucent door.
  6602 | D:5      | Found a large runed translucent door.
  6937 | D:5      | Reached **** piety under Lugonu
  6987 | D:5      | Reached skill level 5 in Evocations
  7071 | D:5      | Reached skill level 1 in Throwing
  7132 | D:5      | Identified the Catalogue of Ice
  7566 | D:6      | Reached skill level 5 in Fighting
  7590 | D:6      | Noticed Pikel
  7693 | D:6      | Found an opulent altar of Gozag.
  7725 | D:6      | Killed Pikel
  7725 | D:6      | Reached XP level 9. HP: 20/48 MP: 13/13
  7992 | D:6      | Found a hazy altar of Hepliaklqana.
  7999 | D:6      | Found a hide-covered altar of Uskayaw.
  8544 | D:7      | Found a staircase to the Ecumenical Temple.
  8923 | D:7      | Reached skill level 5 in Throwing
  9056 | D:7      | Found Korhaelu's Assorted Antiques.
  9072 | D:7      | Bought an ichor-stained rapier for 252 gold pieces
  9072 | D:7      | Bought a fluorescent wand for 112 gold pieces
  9072 | D:7      | Identified the cursed +0 rapier "Kivviegh" {protect, rF-
                  | rN++ Int+2 Dex+3} (You bought it in a shop on level 7 of
                  | the Dungeon)
  9638 | D:8      | Reached skill level 1 in Shields
  9846 | D:8      | Noticed Prince Ribbit
  9870 | D:8      | Found a runed translucent door.
  9882 | D:8      | Noticed Joseph
  9895 | D:7      | Killed Prince Ribbit
 10056 | D:8      | Noticed Maurice
 10090 | D:8      | Killed Maurice
 10431 | D:8      | Found a staircase to the Lair.
 10511 | D:8      | Reached XP level 10. HP: 30/53 MP: 14/14
 10591 | D:8      | Reached skill level 10 in Dodging
 10801 | D:8      | Learned a level 3 spell: Call Canine Familiar
 10806 | D:8      | Learned a level 4 spell: Summon Ice Beast
 10916 | D:8      | Killed Joseph
 11373 | D:8      | Found a burning altar of Makhleb.
 11376 | D:8      | Found a stormy altar of Qazlal.
 11466 | D:8      | Found a shimmering altar of Xom.
 11466 | D:8      | Noticed PeterQ's ghost (novice VSFi)
 11467 | D:8      | Noticed a +2 short sword of chaos
 11495 | Lair:1   | Entered Level 1 of the Lair of Beasts
 11495 | Lair:1   | Noticed a spiny frog
 11499 | Lair:1   | Banished a spiny frog
 11533 | Lair:1   | Noticed a black mamba
 11550 | Lair:1   | Killed a black mamba
 11639 | Lair:1   | Reached skill level 5 in Shields
 11892 | Lair:1   | Reached skill level 1 in Summonings
 12776 | Lair:2   | Found a gate leading to a gauntlet.
 12793 | Gauntlet | Entered a Gauntlet
 12793 | Gauntlet | Found a transporter.
 12803 | Gauntlet | Found a transporter.
 12804 | Gauntlet | Found a transporter.
 12819 | Gauntlet | Found a transporter.
 12821 | Gauntlet | Found a transporter.
 12824 | Gauntlet | Noticed a death ooze
 12830 | Gauntlet | Found a runed translucent door.
 12833 | Gauntlet | Found a transporter.
 12848 | Gauntlet | Found a transporter.
 12858 | Gauntlet | Found a transporter.
 12860 | Gauntlet | Noticed a minotaur
 12868 | Gauntlet | Found a transporter.
 12869 | Gauntlet | Noticed a wretched star
 12883 | Gauntlet | Found a transporter.
 12885 | Gauntlet | Noticed a tengu warrior
 12898 | Gauntlet | Found a transporter.
 12945 | Gauntlet | Found a transporter.
 12958 | Gauntlet | Noticed a mana viper
 12959 | Gauntlet | Found a transporter.
 12965 | Gauntlet | Noticed an unseen horror
 12965 | Gauntlet | a spriggan changed into an unseen horror
 12968 | Gauntlet | Found a transporter.
 12972 | Gauntlet | Noticed a fire crab
 12972 | Gauntlet | a spriggan changed into a fire crab
 12975 | Gauntlet | Noticed an elephant
 12975 | Gauntlet | a fire crab changed into an elephant
 12977 | Gauntlet | Noticed a two-headed ogre
 12977 | Gauntlet | an elephant changed into a two-headed ogre
 12980 | Gauntlet | Noticed a faun
 12980 | Gauntlet | a two-headed ogre changed into a faun
 12989 | Gauntlet | Noticed a moth of wrath
 12989 | Gauntlet | a faun changed into a moth of wrath
 13003 | Gauntlet | Noticed a water nymph
 13004 | Gauntlet | Noticed a torpor snail
 13004 | Gauntlet | a water nymph changed into a torpor snail
 13004 | Gauntlet | an unseen horror changed into a meliai
 13294 | Gauntlet | Killed a tengu warrior
 13294 | Gauntlet | Reached XP level 11. HP: 28/56 MP: 16/18
 13525 | Gauntlet | Noticed an unseen horror
 13525 | Gauntlet | a salamander changed into an unseen horror
 13533 | Gauntlet | an unseen horror changed into a golden eye
 13548 | Gauntlet | Got a heavily runed amber ring
 13594 | Gauntlet | Killed a minotaur
 13691 | Lair:2   | Identified the ring "Gusyraw" {Fire Dex+4 Slay-4} (You
                  | found it in a Gauntlet)
 13915 | Lair:2   | Reached skill level 5 in Summonings
 14459 | Lair:2   | Found a staircase to the Snake Pit.
 14524 | Lair:2   | Reached skill level 1 in Armour
 15571 | Lair:3   | Noticed an eight-headed hydra
 15572 | Lair:3   | Banished an eight-headed hydra
 15642 | Lair:3   | Found a runed translucent door.
 15936 | Lair:3   | Noticed a six-headed hydra
 15983 | Lair:3   | Killed a six-headed hydra
 15983 | Lair:3   | Reached skill level 10 in Invocations
 16517 | Lair:4   | Noticed an eight-headed hydra
 16518 | Lair:4   | Banished an eight-headed hydra
 16815 | Lair:4   | Reached XP level 12. HP: 43/61 MP: 20/20
 17050 | Lair:4   | Noticed a catoblepas
 17120 | Lair:4   | Killed a catoblepas
 17294 | Lair:4   | Upgraded the game from 0.24-a0-139-geb6712d24a to
                  | 0.24-a0-140-gcaa6c10b7c
 17450 | Lair:4   | Reached skill level 5 in Armour
 17775 | Lair:4   | Found a staircase to the Shoals.
 18363 | Lair:4   | Identified the Guide on Transmutation and Dark Rites
 18667 | Lair:5   | Noticed a seven-headed hydra
 18668 | Lair:5   | Banished a seven-headed hydra
 18925 | Lair:5   | Found a staircase to the Slime Pits.
 18925 | Lair:5   | Found a viscous altar of Jiyva.
 19246 | Lair:5   | Noticed a five-headed hydra
 19248 | Lair:5   | Banished a five-headed hydra
 19599 | Lair:5   | Noticed Josephine
 19605 | Lair:5   | Banished Josephine
 19745 | Lair:6   | Entered Level 6 of the Lair of Beasts
 19841 | Lair:5   | Reached skill level 10 in Short Blades
 20042 | Lair:6   | Noticed a seven-headed hydra
 20204 | Lair:6   | Found a glowing golden altar of the Shining One.
 20238 | Lair:6   | Banished a seven-headed hydra
 21257 | Lair:6   | Reached XP level 13. HP: 39/65 MP: 22/22
 22710 | Lair:6   | Found the +2 robe of Vines {NoPotionHeal Regen+7}
 22761 | Lair:6   | Reached XP level 14. HP: 61/70 MP: 23/23
 24177 | D:8      | Learned a level 1 spell: Animate Skeleton
 24177 | D:8      | Upgraded the game from 0.24-a0-140-gcaa6c10b7c to
                  | 0.24-a0-159-gf1ee1cdb4e
 24208 | D:9      | Found a staircase to the Orcish Mines.
 24486 | D:9      | Learned a level 1 spell: Shock
 24514 | D:9      | Found an iron altar of Okawaru.
 24837 | D:9      | Found an ornate altar of the Wu Jian Council.
 24860 | D:9      | Found a sparkling altar of Nemelex Xobeh.
 24911 | D:9      | Found a sacrificial altar of Ru.
 24963 | Orc:1    | Entered Level 1 of the Orcish Mines
 25232 | Orc:1    | Reached skill level 1 in Air Magic
 25336 | Orc:2    | Entered Level 2 of the Orcish Mines
 25545 | Orc:2    | Reached ***** piety under Lugonu
 25722 | Orc:2    | HP: 2/70 [sixfirhy[an orc high priest] (9)]
 26087 | Orc:2    | Found a staircase to the Elven Halls.
 27051 | Orc:2    | Reached skill level 1 in Conjurations
 27861 | Orc:2    | Found Iwewkiul's General Store.
 27866 | Orc:2    | Found Wuaxocy's Jewellery Shoppe.
 27874 | Orc:2    | Found Sagasiysch's Magic Scroll Shoppe.
 27876 | Orc:2    | Found Heotuc's Weapon Shop.
 28046 | Orc:2    | Bought a +5 amulet of reflection for 494 gold pieces
 28127 | Elf:1    | Entered Level 1 of the Elven Halls
 28423 | D:10     | Entered Level 10 of the Dungeon
 29027 | D:10     | Found a portal to a secret trove of treasure.
 29056 | D:10     | Noticed Sonja
 29075 | D:10     | Killed Sonja
 29523 | D:10     | Reached skill level 1 in Slings
 30816 | D:11     | Found a runed translucent door.
 30821 | D:11     | Noticed hemabe's ghost (journeyman HuAr)
 30893 | D:11     | Found Ypiptel's Weapon Shop.
 31272 | D:12     | Reached skill level 5 in Air Magic
 31304 | D:12     | Reached XP level 15. HP: 27/73 MP: 25/25
 31739 | D:12     | Found Goosch's Armour Emporium.
 31743 | D:12     | Found Foetiddo's Gadget Emporium.
 31747 | D:12     | Bought a +2 buckler of protection for 258 gold pieces
 31769 | D:12     | Bought a wand of clouds (3) for 315 gold pieces
 31784 | D:12     | Found Tatiocs's Weapon Boutique.
 31786 | D:12     | Found Reromaiwk's Magic Scroll Boutique.
 31813 | D:12     | Bought a scroll of enchant weapon for 75 gold pieces
 31813 | D:12     | Bought a scroll of identify for 20 gold pieces
 31813 | D:12     | Bought a scroll of identify for 20 gold pieces
 31813 | D:12     | Bought a scroll of identify for 20 gold pieces
 31813 | D:12     | Bought a scroll of enchant armour for 75 gold pieces
 31813 | D:12     | Bought 3 scrolls of identify for 60 gold pieces
 31813 | D:12     | Bought a scroll of teleportation for 30 gold pieces
 31813 | D:12     | Bought a scroll of fear for 35 gold pieces
 32310 | D:12     | Found Gael's Distillery.
 32318 | D:12     | Bought a potion of degeneration for 16 gold pieces
 32586 | D:13     | Noticed Snorg
 32622 | D:13     | Banished Snorg
 33449 | D:13     | Learned a level 5 spell: Lightning Bolt
 33575 | D:13     | Reached skill level 5 in Conjurations
 33805 | D:13     | Found a gate to the Vaults.
 34299 | D:13     | Upgraded the game from 0.24-a0-159-gf1ee1cdb4e to
                  | 0.24-a0-163-g64c5a76fe2
 34367 | D:14     | Noticed Louise
 34387 | D:14     | Killed from afar by Louise

Levels and vault maps discovered:
D:1:      roderic_dead_forest, layout_loops_cross, hangedman_decor_push
D:2:      layout_rooms, overflow_temple_1_default,
          chequers_ecumenical_altar_lobes, st_stairs_12
D:3:      layout_basic, grunt_dithmenos_smoke, uniq_jessica, uniq_ijyb,
          uniq_natasha, uniq_robin, uniq_terence, uniq_sigmund
D:4:      layout_cave_pods, lemuel_doored_altar, first_ration
D:5:      layout_basic, minmay_hollow_rounded_squares
D:6:      layout_rooms, amethyst_overflow_temple_binary,
          overflow_temple_1_default, dk_rats_in_the_wall, uniq_pikel
D:7:      layout_basic, minmay_temple_entry_arrows, serial_shops,
          nicolae_shop_crystal
D:8:      layout_basic, minitemple, minmay_lair_entry_grove, ebering_ghost_xom,
          uniq_maurice, uniq_prince_ribbit1, uniq_joseph
D:9:      layout_cave_pools, nicolae_ru_path_of_blood,
          nicolae_overflow_hidden_temple, david_orc_3, basic_altar,
          okawaru_ov_weapons_minmay
D:10:     layout_basic, nicolae_trove_entry_crossroad, uniq_sonja
D:11:     layout_irregular_city, serial_shops, kennysheep_mini,
          ebering_ghost_reflecting_pool
D:12:     layout_irregular_city, serial_shops, nicolae_shop_stone,
          shop_fountains, shop_fountains, nicolae_shop_stone,
          nicolae_shop_waterfront, david_nohive_1
D:13:     layout_irregular_city, david_vaults_2, kb_tengu_band, uniq_snorg
D:14:     layout_loops_ring, serial_rivers, chequers_serial_rivers_small_b,
          chequers_serial_rivers_marsh, chequers_serial_rivers_room_a,
          chequers_serial_rivers_micro_d, chequers_serial_rivers_micro_d,
          minmay_misc_feat_rugged, muffindrake_ghost_dual_entry,
          minmay_shop_mayhem, minmay_fractal_squares_gapless_5, uniq_azrael,
          uniq_louise
Lair:1:   layout_concentric_octagons
Lair:2:   layout_cave_shapes, minmay_snake_entry_guardpost_small,
          gauntlet_entry_generic, serial_forest, infiniplex_forest_straight_2,
          infiniplex_forest_end_1, infiniplex_forest_lined_2,
          infiniplex_forest_clump_cross, infiniplex_forest_side_room
Lair:3:   layout_cave_pods, pf_torpor_hydra
Lair:4:   wad_woods_minihive, layout_regular_city, shoals_dummy_entry
Lair:5:   layout_loops_ring, slime_altar_1, roderic_carrion_pond,
          infiniplex_staircase_pool, uniq_josephine
Lair:6:   gammafunk_lair_ancient_temple, layout_long_grid, basic_altar,
          chequers_serial_rivers_large_a
Orc:1:    layout_caves, uniq_jorgrun
Orc:2:    st_orc_elflike, layout_diamond_mine
Elf:1:    eino_elf_arrival_sip, layout_onion_city, serial_shops, shop_statue,
          gammafunk_ghost_berserking_beasts, kennysheep_underground_church,
          serial_sigils_hangedman_snap, uniq_asterion, uniq_agnes
Abyss:1
Abyss:2
Gauntlet: minmay_gauntlet_77_tree [minmay_gauntlet_arena_77_checkered,
          minmay_gauntlet_arena_77_box, minmay_gauntlet_arena_77_fan,
          minmay_gauntlet_arena_77_braids,
          minmay_gauntlet_arena_77_chump_sandwich,
          minmay_gauntlet_arena_77_two_lines, minmay_gauntlet_arena_77_path,
          gauntlet_exit_green]

Skill      XL: |  1  2  3  4  5  6  7  8  9 10 11 12 13 14 15 |
---------------+----------------------------------------------+-----
Invocations    | 2 3 4 5 8 10 11 12 | 12.2
Dodging        | 4 5 6 9 10 12 | 12.0
Short Blades   | 3 4 5 6 7 10 11 | 11.6
Evocations     | 3 5 7 |  7.4
Fighting       | 3 5 6 |  6.0
Throwing       | 4 5 |  5.1
Shields        | 3 5 |  5.8
Summonings     | 3 5 |  5.0
Armour         | 4 6 |  6.3
Stealth        | 6 |  6.0
Air Magic      | 5 6 |  6.8
Conjurations   | 3 5 |  5.3
Slings         | 2 4 |  4.5

Action                   |  1- 3 |  4- 6 |  7- 9 | 10-12 | 13-15 || total
-------------------------+-------+-------+-------+-------+-------++-------
Melee: Short sword       |    95 |       |       |       |       ||    95
       Dagger            |    47 |   148 |   489 |  1373 |   884 ||  2941
       Unarmed           |       |     7 |       |       |       ||     7
       Rapier            |       |       |    30 |       |   990 ||  1020
 Fire: Blowgun           |       |    15 |   178 |   201 |   200 ||   594
       Hunting sling     |       |       |       |       |    21 ||    21
Throw: Throwing net      |       |     3 |     4 |     1 |     2 ||    10
       Tomahawk          |       |       |       |       |     3 ||     3
Invok: Depart the Abyss  |     1 |       |       |       |       ||     1
       Banish            |       |       |     1 |    21 |    12 ||    34
       Bend Space        |       |       |       |     1 |     4 ||     5
Evoke: Wand              |       |     5 |     1 |    49 |    46 ||   101
       Lamp of fire      |       |       |       |     1 |       ||     1
       Phial of floods   |       |       |       |       |     2 ||     2
  Use: Scroll            |     5 |     5 |     8 |    12 |    12 ||    42
       Potion            |       |     1 |     1 |     5 |     2 ||     9
 Stab: Sleeping          |     2 |       |     3 |     1 |     1 ||     7
       Paralysed         |       |     4 |     1 |       |     1 ||     6
       Confused          |       |     1 |       |       |       ||     1
       Held in net/web   |       |       |     2 |     2 |     2 ||     6
       Invisible         |       |       |       |     2 |       ||     2
       Distracted        |       |       |       |       |     2 ||     2
  Eat: Ration            |       |     1 |     3 |    10 |    10 ||    24
Armor: Robe              |    18 |    22 |    22 |     1 |       ||    63
       Skin              |       |     1 |       |       |       ||     1
       Pearl dragon scal |       |       |       |   149 |   215 ||   364
Dodge: Dodged            |   146 |   117 |   310 |   557 |   604 ||  1734
Block: Other             |       |     7 |    21 |       |       ||    28
       Reflection        |       |     1 |     3 |     5 |    36 ||    45
       Buckler           |       |       |    58 |   553 |   793 ||  1404

Table legend:
 A = Non-vault XP
 B = Vault XP
 C = Vault XP percentage of total XP
 D = Non-vault monster count
 E = Vault monster count
 F = Vault count percentage of total count
                 A         B        C        D         E       F
            +---------+---------+-------+---------+---------+-------
      Total |   49745 |   40165 |  44.7 |     429 |     210 |  32.9
            +---------+---------+-------+---------+---------+-------
        D:1 |      51 |       0 |   0.0 |      26 |       0 |   0.0
        D:2 |      98 |      19 |  16.2 |      21 |       8 |  27.6
        D:3 |     311 |     398 |  56.1 |      34 |      10 |  22.7
        D:4 |     219 |       0 |   0.0 |      14 |       0 |   0.0
        D:5 |     617 |     559 |  47.5 |      17 |       7 |  29.2
        D:6 |     329 |     617 |  65.2 |      12 |       1 |   7.7
        D:7 |     297 |     259 |  46.6 |       8 |       1 |  11.1
        D:8 |     766 |    2536 |  76.8 |      12 |      15 |  55.6
        D:9 |    1196 |     100 |   7.7 |      17 |       8 |  32.0
       D:10 |    1726 |     547 |  24.1 |      23 |       1 |   4.2
       D:11 |    6172 |       0 |   0.0 |      37 |       0 |   0.0
       D:12 |    6308 |    1055 |  14.3 |      31 |      13 |  29.5
       D:13 |    6882 |    3040 |  30.6 |      48 |       6 |  11.1
       D:14 |    1493 |       0 |   0.0 |       4 |       0 |   0.0
     Lair:1 |    2316 |       0 |   0.0 |      13 |       0 |   0.0
     Lair:2 |    1196 |     642 |  34.9 |       8 |       4 |  33.3
     Lair:3 |    2730 |    1196 |  30.5 |      15 |       2 |  11.8
     Lair:4 |    3397 |    5431 |  61.5 |      14 |      61 |  81.3
     Lair:5 |    3337 |    4160 |  55.5 |      22 |      16 |  42.1
     Lair:6 |    8318 |    8188 |  49.6 |      33 |      22 |  40.0
      Orc:1 |     980 |       0 |   0.0 |       7 |       0 |   0.0
      Orc:2 |     750 |    7555 |  91.0 |      12 |      26 |  68.4
   Gauntlet |     256 |    3863 |  93.8 |       1 |       9 |  90.0
            +---------+---------+-------+---------+---------+-------
